PL
MONTANA PANDAS @ CHICAGO GOLD SOX
05/15/2021
 
TOP OF THE 1ST
Montana Pandas batting - Pitching for Chicago Gold Sox : LHP Juan Júlio
Pitching: LHP Juan Júlio
Batting: RHB Dan Hart 0-0: Ball
1-0: SINGLE (Line Drive, 6M)
Batting: RHB Bob Sargent 0-0: Ball
Wild Pitch!
Dan Hart to second
1-0: Called Strike
1-1: Called Strike
1-2: SINGLE (Groundball, 56D)
Dan Hart to third
Batting: SHB Juan Sánchez 0-0: Ball
1-0: Grounds into double play, 6-4-3 (Groundball, 6)
Dan Hart scores
Batting: RHB Millard Watson 0-0: Foul Ball, location: 2F
0-1: Swinging Strike
0-2: Strikes out swinging
Top of the 1st over - 1 run(s), 2 hit(s), 0 error(s), 0 left on base; Montana 1 - Chicago 0
BOTTOM OF THE 1ST
Chicago Gold Sox batting - Pitching for Montana Pandas : RHP Kuemon Hirata
Pitching: RHP Kuemon Hirata
Batting: LHB Noel Ballard 0-0: Ball
1-0: Called Strike
1-1: Ball
2-1: SINGLE (Line Drive, 78S)
Batting: LHB Do-hyung Nam 0-0: Called Strike
0-1: Called Strike
0-2: Ball
1-2: Ground out 5-3 (Groundball, 5S)
Noel Ballard to second
Batting: LHB William Wise 0-0: Ball
1-0: Called Strike
1-1: Ball
2-1: Ball
3-1: Ground out 4-3 (Groundball, 4M)
Noel Ballard to third
Batting: LHB Herman Hayes 0-0: Hit by Pitch
Batting: RHB Tyrone Scott 0-0: Ball
1-0: Swinging Strike
1-1: Ball
2-1: Foul Ball, location: 2F
2-2: Foul Ball, location: 2F
2-2: Ball
3-2: Foul Ball, location: 2F
3-2: Strikes out looking
Bottom of the 1st over - 0 run(s), 1 hit(s), 0 error(s), 2 left on base; Montana 1 - Chicago 0
TOP OF THE 2ND
Montana Pandas batting - Pitching for Chicago Gold Sox : LHP Juan Júlio
Batting: LHB Jeff Lee 0-0: Called Strike
0-1: Ball
1-1: Called Strike
1-2: Foul Ball, location: 2F
1-2: Foul Ball, location: 2F
1-2: Strikes out swinging
Batting: LHB Steve Riggs 0-0: Ball
1-0: Ball
2-0: Called Strike
2-1: DOUBLE (Line Drive, 8RM)
Batting: SHB Mauro López 0-0: Ball
1-0: Called Strike
1-1: Fly out, F7 (Flyball, 78M)
Batting: RHB Soseki Matsunaga 0-0: Ball
1-0: SINGLE (Groundball, 56D)
Steve Riggs to third
Runner from 3rd tries for Home, throw and OUT!
Top of the 2nd over - 0 run(s), 2 hit(s), 0 error(s), 1 left on base; Montana 1 - Chicago 0
BOTTOM OF THE 2ND
Chicago Gold Sox batting - Pitching for Montana Pandas : RHP Kuemon Hirata
Batting: RHB Chris Smith 0-0: Called Strike
0-1: Foul Ball, location: 2F
0-2: Ball
1-2: Ball
2-2: Strikes out looking
Batting: RHB Pablo Trujillo 0-0: Called Strike
0-1: Called Strike
0-2: Strikes out swinging
Batting: LHB Chris Hill 0-0: Fly out, F7 (Flyball, 7LS)
Bottom of the 2nd over - 0 run(s), 0 hit(s), 0 error(s), 0 left on base; Montana 1 - Chicago 0
TOP OF THE 3RD
Montana Pandas batting - Pitching for Chicago Gold Sox : LHP Juan Júlio
Batting: RHB Carlos Vera 0-0: Ball
1-0: Foul Ball, location: 2F
1-1: Foul Ball, location: 2F
1-2: Ground out 4-3 (Groundball, 4)
Batting: RHB Dan Hart 0-0: Ball
1-0: Foul Ball, location: 2F
1-1: Ball
2-1: SINGLE (Groundball, 13) (infield hit)
Batting: RHB Bob Sargent 0-0: Hit by Pitch
Dan Hart to second
Batting: SHB Juan Sánchez 0-0: Ball
1-0: Ball
2-0: Called Strike
2-1: Foul Ball, location: 2F
2-2: Ball
3-2: Foul Ball, location: 2F
3-2: Foul Ball, location: 2F
3-2: Base on Balls
Dan Hart to third
Bob Sargent to second
Batting: RHB Millard Watson 0-0: Called Strike
0-1: SINGLE (Flyball, 7S)
Dan Hart scores
Bob Sargent to third
Juan Sánchez to second
Runner from 3rd tries for Home, throw and OUT!
Batting: LHB Jeff Lee 0-0: Ball
1-0: Ball
2-0: Called Strike
2-1: Ball
3-1: Ground out U3 (Groundball, 3)
Top of the 3rd over - 1 run(s), 2 hit(s), 0 error(s), 2 left on base; Montana 2 - Chicago 0
BOTTOM OF THE 3RD
Chicago Gold Sox batting - Pitching for Montana Pandas : RHP Kuemon Hirata
Batting: RHB David Edwards 0-0: Called Strike
0-1: Ball
1-1: Ball
2-1: Ball
3-1: SINGLE (Flyball, 9LS)
Batting: LHB Noel Ballard 0-0: Ball
1-0: Foul Ball, location: 2F
1-1: Fielders Choice at 2nd, 5-4 (Groundball, 5)
Batting: LHB Do-hyung Nam 0-0: Called Strike
0-1: Ball
1-1: Ball
2-1: Foul Ball, location: 2F
2-2: Grounds into double play, 5-4-3 (Groundball, 56)
Bottom of the 3rd over - 0 run(s), 1 hit(s), 0 error(s), 0 left on base; Montana 2 - Chicago 0
TOP OF THE 4TH
Montana Pandas batting - Pitching for Chicago Gold Sox : LHP Juan Júlio
Batting: LHB Steve Riggs 0-0: Ball
1-0: Called Strike
1-1: Ball
2-1: Ball
3-1: Base on Balls
Batting: SHB Mauro López 0-0: Called Strike
0-1: Swinging Strike
0-2: Ball
1-2: Ball
2-2: Ball
3-2: Fly out, F3 (Popup, 3)
Batting: RHB Soseki Matsunaga 0-0: Called Strike
0-1: Called Strike
0-2: Foul Ball, location: 2F
0-2: Strikes out looking
Batting: RHB Carlos Vera 0-0: Called Strike
0-1: Swinging Strike
0-2: Ball
1-2: Reached on error, E1 (Groundball, 23)
Steve Riggs to third
Batting: RHB Dan Hart 0-0: Ball
1-0: Foul Ball, location: 2F
1-1: Fly out, F7 (Flyball, 78M)
Top of the 4th over - 0 run(s), 0 hit(s), 1 error(s), 2 left on base; Montana 2 - Chicago 0
BOTTOM OF THE 4TH
Chicago Gold Sox batting - Pitching for Montana Pandas : RHP Kuemon Hirata
Batting: LHB William Wise 0-0: Fly out, F3 (Popup, 34S)
Batting: LHB Herman Hayes 0-0: Ball
1-0: Foul Ball, location: 2F
1-1: Foul Ball, location: 2F
1-2: DOUBLE (Line Drive, 8LM)
Batting: RHB Tyrone Scott 0-0: Ground out U3 (Groundball, 3)
Herman Hayes to third
Batting: RHB Chris Smith 0-0: DOUBLE (Line Drive, 8LXD)
Herman Hayes scores
Batting: RHB Pablo Trujillo 0-0: Ball
1-0: Called Strike
1-1: Foul Ball, location: 2F
1-2: Ball
2-2: Strikes out swinging
Bottom of the 4th over - 1 run(s), 2 hit(s), 0 error(s), 1 left on base; Montana 2 - Chicago 1
TOP OF THE 5TH
Montana Pandas batting - Pitching for Chicago Gold Sox : LHP Juan Júlio
Batting: RHB Bob Sargent 0-0: Ball
1-0: Swinging Strike
1-1: Called Strike
1-2: Fly out, F5 (Popup, 5F)
Batting: SHB Juan Sánchez 0-0: Ball
1-0: Fly out, F7 (Flyball, 78M)
Batting: RHB Millard Watson 0-0: Foul Ball, location: 2F
0-1: Ball
1-1: Ball
2-1: Swinging Strike
2-2: Foul Ball, location: 2F
2-2: SINGLE (Groundball, 56) (infield hit)
Batting: LHB Jeff Lee 0-0: Ball
1-0: Ground out 4-3 (Groundball, 4)
Top of the 5th over - 0 run(s), 1 hit(s), 0 error(s), 1 left on base; Montana 2 - Chicago 1
BOTTOM OF THE 5TH
Chicago Gold Sox batting - Pitching for Montana Pandas : RHP Kuemon Hirata
Batting: LHB Chris Hill 0-0: Called Strike
0-1: SINGLE (Line Drive, 7LS)
Batting: RHB David Edwards 0-0: Swinging Strike
0-1: Fielders Choice at 2nd, 6-4 (Groundball, 56)
Batting: LHB Noel Ballard 0-0: SINGLE (Line Drive, 5D)
David Edwards to second
Batting: LHB Do-hyung Nam 0-0: Grounds into double play, 6-4-3 (Groundball, 6D)
Bottom of the 5th over - 0 run(s), 2 hit(s), 0 error(s), 1 left on base; Montana 2 - Chicago 1
TOP OF THE 6TH
Montana Pandas batting - Pitching for Chicago Gold Sox : LHP Juan Júlio
Batting: LHB Steve Riggs 0-0: Called Strike
0-1: Ball
1-1: Swinging Strike
1-2: Ball
2-2: Ball
3-2: Strikes out looking
Batting: SHB Mauro López 0-0: Ball
1-0: Called Strike
1-1: SINGLE (Line Drive, 56)
Batting: RHB Soseki Matsunaga 0-0: Hit by Pitch
Mauro López to second
Batting: RHB Carlos Vera 0-0: Grounds into double play, 6-4-3 (Groundball, 6D)
Top of the 6th over - 0 run(s), 1 hit(s), 0 error(s), 1 left on base; Montana 2 - Chicago 1
BOTTOM OF THE 6TH
Chicago Gold Sox batting - Pitching for Montana Pandas : RHP Kuemon Hirata
Batting: LHB William Wise 0-0: Ball
1-0: Ball
2-0: Fly out, F8 (Flyball, 8RS)
Batting: LHB Herman Hayes 0-0: Called Strike
0-1: Foul Ball, location: 2F
0-2: Ball
1-2: SINGLE (Line Drive, 4M)
Batting: RHB Tyrone Scott 0-0: DOUBLE (Line Drive, 7LD)
Herman Hayes to third
Batting: RHB Chris Smith 0-0: Ball
1-0: Ground out 6-3 (Groundball, 6)
Herman Hayes scores
Batting: RHB Pablo Trujillo 0-0: Swinging Strike
0-1: Ball
Error on foul ball, E9
1-2: Foul Ball, location: 2F
1-2: Fly out, F3 (Popup, 3DF)
Bottom of the 6th over - 1 run(s), 2 hit(s), 1 error(s), 1 left on base; Montana 2 - Chicago 2
TOP OF THE 7TH
Montana Pandas batting - Pitching for Chicago Gold Sox : LHP Juan Júlio
Batting: RHB Dan Hart 0-0: Foul Ball, location: 2F
0-1: Ball
1-1: Swinging Strike
1-2: Ball
2-2: Reached on Error, E9 (Flyball, 89S)
Batting: RHB Bob Sargent 0-0: Foul Ball, location: 2F
0-1: Called Strike
0-2: Ball
1-2: Ball
2-2: Ground out 3-1 (Groundball, 34S)
Dan Hart to second
Pitching: RHP John Hicks
Batting: SHB Juan Sánchez 0-0: Ball
1-0: Ball
2-0: Fly out, F9 (Flyball, 89XD)
Runner from 2nd tags up, SAFE at 3rd, no throw
Batting: RHB Millard Watson 0-0: Ball
1-0: Foul Ball, location: 2F
1-1: Foul Ball, location: 2F
1-2: Strikes out swinging
Top of the 7th over - 0 run(s), 0 hit(s), 1 error(s), 1 left on base; Montana 2 - Chicago 2
BOTTOM OF THE 7TH
Chicago Gold Sox batting - Pitching for Montana Pandas : RHP Kuemon Hirata
Pitching: LHP Jeffery Howell
Batting: LHB Chris Hill 0-0: Swinging Strike
0-1: Swinging Strike
0-2: Ball
1-2: Foul Ball, location: 2F
1-2: TRIPLE (Flyball, 8RXD)
Batting: RHB David Edwards 0-0: Swinging Strike
0-1: Ball
1-1: Foul Ball, location: 2F
1-2: Strikes out looking
Batting: LHB Noel Ballard 0-0: Ball
1-0: Ball
2-0: Ball
3-0: Called Strike
3-1: Foul Ball, location: 2F
3-2: Foul Ball, location: 2F
3-2: Fly out, F7 (Flyball, 7M)
Runner from 3rd tags up, SCORES, throw made
Batting: LHB Do-hyung Nam 0-0: Ball
1-0: Swinging Strike
1-1: Reached on error, E4 (Groundball, 34)
Batting: LHB William Wise 0-0: Ball
1-0: Ball
2-0: Called Strike
2-1: Foul Ball, location: 2F
2-2: Ball
3-2: Base on Balls
Do-hyung Nam to second
Batting: LHB Herman Hayes 0-0: Called Strike
0-1: Ball
1-1: Called Strike
1-2: Ball
2-2: Fielders Choice at 2nd, 5-4 (Groundball, 56)
Bottom of the 7th over - 1 run(s), 1 hit(s), 1 error(s), 1 left on base; Montana 2 - Chicago 3
TOP OF THE 8TH
Montana Pandas batting - Pitching for Chicago Gold Sox : RHP John Hicks
Pitching: LHP Russ Wood
Now at C: Earnest Veeck
Now at 3B: Alfredo López
Batting: LHB Jeff Lee 0-0: Fly out, F8 (Flyball, 8RD)
Batting: LHB Steve Riggs 0-0: Ball
1-0: Ball
2-0: Foul Ball, location: 2F
2-1: SOLO HOME RUN (Flyball, 9D), Distance : 380 ft
Batting: SHB Mauro López 0-0: Ball
1-0: Ground out 6-3 (Groundball, 6MS)
Batting: RHB Soseki Matsunaga 0-0: Called Strike
0-1: Foul Ball, location: 2F
0-2: Ball
1-2: Foul Ball, location: 2F
1-2: Ball
2-2: Foul Ball, location: 2F
2-2: Ball
3-2: Base on Balls
Batting: RHB Carlos Vera 0-0: Called Strike
0-1: Ball
1-1: Called Strike
1-2: SINGLE (Line Drive, 7LS)
Soseki Matsunaga to second
Soseki Matsunaga to third
Batting: RHB Dan Hart 0-0: Swinging Strike
0-1: Ground out 1-3 (Groundball, 15)
Top of the 8th over - 1 run(s), 2 hit(s), 0 error(s), 2 left on base; Montana 3 - Chicago 3
BOTTOM OF THE 8TH
Chicago Gold Sox batting - Pitching for Montana Pandas : LHP Jeffery Howell
Batting: RHB Tyrone Scott 0-0: Ball
1-0: Ball
2-0: Ball
3-0: Base on Balls
Batting: RHB Chris Smith 0-0: Called Strike
0-1: Ball
1-1: Ball
2-1: DOUBLE (Line Drive, 5D)
Tyrone Scott to third
Runner from 3rd tries for Home, throw and OUT!
Pinch Runner at 2nd Rod Jones:
Batting: RHB Pablo Trujillo 0-0: Ball
1-0: Ball
2-0: DOUBLE (Groundball, 5L)
Rod Jones scores
Pitching: LHP Tony Schneider
Batting: LHB Chris Hill 0-0: Ball
1-0: Ball
2-0: Called Strike
2-1: Foul Ball, location: 2F
2-2: Ball
3-2: Strikes out swinging
Batting: RHB David Edwards 0-0: Called Strike
0-1: Ball
1-1: SINGLE (Groundball, 4MD)
Pablo Trujillo to third
Runner from 3rd tries for Home, SAFE, no throw or cutoff
Batting: LHB Noel Ballard 0-0: Ball
David Edwards is caught stealing 2nd base
Bottom of the 8th over - 2 run(s), 3 hit(s), 0 error(s), 0 left on base; Montana 3 - Chicago 5
TOP OF THE 9TH
Montana Pandas batting - Pitching for Chicago Gold Sox : LHP Russ Wood
Pitching: RHP Lorenzo Marín
Now at 1B: Rod Jones
Batting: RHB Bob Sargent 0-0: Foul Ball, location: 2F
0-1: Ball
1-1: Swinging Strike
1-2: Ball
2-2: Ball
3-2: Foul Ball, location: 2F
3-2: Foul Ball, location: 2F
3-2: Strikes out swinging
Batting: SHB Juan Sánchez 0-0: Ball
1-0: Ground out 3-1 (Groundball, 34)
Batting: RHB Millard Watson 0-0: Ball
1-0: Called Strike
1-1: Fly out, F3 (Popup, 3)
Top of the 9th over - 0 run(s), 0 hit(s), 0 error(s), 0 left on base; Montana 3 - Chicago 5
This league is powered by Out of the Park Baseball, the baseball management simulation game for PC, Mac and Linux
Friday, January 22nd, 2016 - OOTP Baseball 16.9 Build 39